 Dungeon Crawl Stone Soup version 0.23-b1-70-gd12f7cf (webtiles) character file.

Game seed: 7841736220529678460

177 EtherCrawl the Ruffian (level 5, -3/45 HPs)
             Began as a Naga Transmuter on Feb 6, 2019.
             Killed by divine providence
             ... invoked by an orc priest
              (11 damage)
             ... on level 3 of the Dungeon.
             The game lasted 00:08:35 (4049 turns).

EtherCrawl the Ruffian (Naga Transmuter)            Turns: 4049, Time: 00:08:35

Health: -3/45      AC:  2    Str: 12    XL:     5   Next: 57%
Magic:  8/9        EV: 10    Int: 15    God:
Gold:   110        SH:  0    Dex: 11    Spells: 6/9 levels left

rFire    . . .     SeeInvis +     - Unarmed
rCold    . . .     Gourm    .   (no shield)
rNeg     . . .     Faith    .   b - +0 robe
rPois    +         Spirit   .   (no helmet)
rElec    .         Reflect  .   (no cloak)
rCorr    .         Harm     .   (no gloves)
MR       .....                  (no barding)
Stlth    +.........             (no amulet)
HPRegen  0.15/turn              (no ring)
MPRegen  0.11/turn              (no ring)

@: appendage, very slightly contaminated, very slow
A: large, horns 2, see invisible, deformed body, poison resistance, slowness 2,
slow metabolism 1, spit poison 1, AC +1
a: Spit Poison, End Transformation


You were on level 3 of the Dungeon.
You were hungry.
You had grown temporary horns.
You visited 1 branch of the dungeon, and saw 3 of its levels.

You collected 110 gold pieces.

Inventory:

Hand Weapons
 o - a +0 hunting sling
 p - a +0 whip
Missiles
 a - 62 arrows
 e - 134 stones (quivered)
 i - 26 poisoned needles
Armour
 b - a +0 robe (worn)
 j - a +0 helmet
Scrolls
 g - 2 scrolls of identify {unknown}
 h - 2 scrolls of magic mapping {unknown}
 l - a scroll of teleportation {unknown}
 n - a scroll of amnesia {unknown}
 q - a scroll of remove curse {unknown}
 s - a scroll of immolation {unknown}
 t - a scroll of fog {unknown}
 v - a scroll of fear {unknown}
Potions
 c - a potion of cancellation {unknown}
 f - a potion of haste {unknown}
 k - 2 potions of curing {unknown}
 r - 2 potions of invisibility {unknown}
 u - a potion of heal wounds {unknown}
 w - a potion of ambrosia {unknown}
Comestibles
 d - 6 rations
 m - a chunk of flesh


   Skills:
 + Level 2.0 Fighting
 - Level 1.6 Dodging
 * Level 4.3 Unarmed Combat
 + Level 2.7 Spellcasting
 * Level 3.5 Transmutations


You had 6 spell levels left.
You knew the following spells:

 Your Spells              Type           Power        Failure   Level  Hunger
a - Beastly Appendage     Tmut           ##....       4%          1    #......
b - Sticks to Snakes      Tmut           ##......     8%          2    ##.....

Your spell library contained the following spells:

 Spells                   Type           Power        Failure   Level  Hunger
 Spider Form              Tmut/Pois      #.........   30%         3    ###....
 Ice Form                 Ice/Tmut       #.......     69%         4    #####..
 Blade Hands              Tmut           ##........   80%         5    ######.


Dungeon Overview and Level Annotations

Branches:
Dungeon (3/15)

Altars:


Innate Abilities, Weirdness & Mutations

You cannot wear boots.
Your serpentine skin is tough. (AC +1)
You have supernaturally acute eyesight. (SInv)
Armour fits poorly on your strangely shaped body.
Your system is resistant to poisons. (rPois)
You cover ground very slowly.
You have a slow metabolism.
You can spit poison.
You have a pair of horns on your head.


Message History

Confirm with . or Enter, or press ? or * to list all spells.
You grow a pair of large bovine horns.
The adder hisses angrily.
The orc barely misses you.
The orc priest hits you but does no damage.
You barely miss the orc priest.
The orc hits you with a +1 trident of freezing!
The orc freezes you. The orc priest hits you.
You hit the orc priest but do no damage.
The orc hits you with a +1 trident of freezing.
The orc freezes you.
* * * LOW HITPOINT WARNING * * *
The orc priest hits you.
* * * LOW HITPOINT WARNING * * *
You closely miss the orc priest.
You are feeling hungry.
The orc barely misses you.
The orc priest calls down the wrath of Beogh upon you.
Beogh smites you!
You die...

################
############.## #.. ..........#
#.#.#########....##
#.#.....<..##....#
##############.#####.##.##....#
...)..................#.##....#
##############.#####. #.##....#
#..o#.#. #.....### ###@oo#.
#####.# ###S#. #.# .. #.# ...
#.# ... ..# ## .#


You could see an orc priest, an orc wizard, an adder and an orc.

Vanquished Creatures
  Natasha (thrice) (D:2)
  2 adders (D:2)
  A worm (D:2)
  4 dart slugs (D:2)
  2 leopard geckos
  An orc (D:2)
  A ball python (D:3)
  3 giant cockroaches
  11 goblins
  9 hobgoblins
  3 jackals (D:2)
  11 kobolds
  2 quokkas
  3 bats
  4 frilled lizards
  10 rats
70 creatures vanquished.

Vanquished Creatures (collateral kills)
  A leopard gecko (D:2)
1 creature vanquished.

Grand Total: 71 creatures vanquished

Notes
Turn   | Place    | Note
-------+----------+-------------------------------------------
     0 | D:1      | EtherCrawl the Naga Transmuter began the quest for the Orb.
     0 | D:1      | Reached XP level 1. HP: 18/18 MP: 3/3
   151 | D:1      | Reached XP level 2. HP: 17/25 MP: 5/5
   893 | D:2      | Noticed Natasha
  1140 | D:2      | Noticed a crimson imp
  1145 | D:2      | Killed Natasha
  1145 | D:2      | Reached XP level 3. HP: 20/31 MP: 4/6
  1315 | D:2      | Noticed Natasha
  1325 | D:2      | Killed Natasha
  1325 | D:2      | Reached XP level 4. HP: 8/38 MP: 5/7
  1770 | D:2      | Learned a level 2 spell: Sticks to Snakes
  1894 | D:2      | Reached skill level 4 in Unarmed Combat
  1896 | D:2      | Noticed Natasha
  2178 | D:2      | Killed Natasha
  2539 | D:2      | Reached XP level 5. HP: 43/45 MP: 6/8
  4049 | D:3      | Killed from afar by an orc priest

Skill      XL: |  1  2  3  4  5 |
---------------+----------------+-----
Unarmed Combat | 4 |  4.3
Transmutations | 3 |  3.5
Fighting       | 2 |  2.0
Dodging        | |  1.6
Spellcasting   | |  2.7

Action                   |  1- 3 |  4- 6 || total
-------------------------+-------+-------++-------
Melee: Unarmed           |    65 |   189 ||   254
       Headbutt          |     2 |     7 ||     9
       Punch             |       |     3 ||     3
 Cast: Beastly Appendage |     7 |    18 ||    25
       Sticks to Snakes  |       |     4 ||     4
 Abil: Spit Poison       |     4 |     4 ||     8
  Eat: Chunk             |     1 |     7 ||     8
Armor: Robe              |     7 |    28 ||    35
Dodge: Dodged            |    47 |    86 ||   133
